 Dungeon Crawl Stone Soup version 0.28.0 (webtiles) character file.

Game seed: 7702030295328871124

1841 SnakkuSnakku7 the Agent of Entropy (level 9, -13/55 HPs)
             Began as a Tengu Enchanter on Feb 5, 2022.
             Was a Priest of Lugonu.
             Blown up by an orc wizard (20 damage)
             ... with a mindburst bolt
             ... on level 6 of the Dungeon.
             The game lasted 00:07:10 (5945 turns).

SnakkuSnakku7 the Agent of Entropy (TeEn)           Turns: 5945, Time: 00:07:11

Health: -13/55     AC: 14    Str: 13    XL:     9   Next: 12%
Magic:  16/16      EV: 12    Int: 16    God:    Lugonu [***...]
Gold:   327        SH:  0    Dex: 18    Spells: 12/12 levels left

rFire   . . .      SeeInvis .   a - +1 hand axe (venom)
rCold   . . .      Faith    .   (no shield)
rNeg    . . .      Spirit   .   o - +6 scale mail "Got Ludd" {Dex+4}
rPois   .          Reflect  .   n - +1 hat
rElec   .          Harm     .   s - +0 cloak
rCorr   .          Rampage  .   (no gloves)
Will    .....                   (boots unavailable)
Stlth   +.........              (no amulet)
HPRegen 0.18/turn               (no ring)
MPRegen 0.15/turn               (no ring)

@: flying quickly and evasively, invisible, quick
A: beak, talons 3, nimble flight
a: Renounce Religion, Depart the Abyss, Bend Space, Banish


You were on level 6 of the Dungeon.
You worshipped Lugonu.
Lugonu was most pleased with you.
You visited 1 branch of the dungeon, and saw 6 of its levels.

You collected 327 gold pieces.

Inventory:

Hand Weapons
 a - a +1 hand axe of venom (weapon)
 h - a +1 dagger
 m - a +0 quarterstaff
Missiles
 y - 3 poisoned darts (quivered)
Armour
 n - a +1 hat (worn)
 o - the +6 scale mail "Got Ludd" (worn) {Dex+4}
   (You found it on level 3 of the Dungeon)

   Dex:       It affects your dexterity (+4).
 s - a +0 cloak (worn)
Scrolls
 b - 2 scrolls of identify {unknown}
 f - a scroll of blinking
 g - 3 scrolls of teleportation
 j - 4 scrolls of fear {unknown}
 k - a scroll of magic mapping {unknown}
 p - a scroll of silence {unknown}
 q - 2 scrolls of fog {unknown}
 u - a scroll of amnesia {unknown}
 v - a scroll of enchant armour {unknown}
 w - a scroll of enchant weapon {unknown}
 x - a scroll of vulnerability {unknown}
Potions
 d - a potion of magic {unknown}
 e - 3 potions of curing
 i - 2 potions of resistance {unknown}
 l - a potion of mutation {unknown}
 r - 3 potions of flight {unknown}
 t - a potion of berserk rage {unknown}


   Skills:
 - Level 5.7 Fighting
 - Level 1.1 Short Blades
 - Level 3.0 Staves
 + Level 4.2 Dodging
 - Level 3.0 Stealth
 - Level 2.0 Spellcasting
 - Level 2.1 Hexes
 - Level 8.0 Invocations


You had 12 spell levels left.
You didn't know any spells.
Your spell library contained the following spells:

 Spells                   Type           Power      Damage    Failure   Level
 Ensorcelled Hibernation  Hex/Ice        10%        N/A       69%         2
 Foxfire                  Conj/Fire      4%         2x1d4     71%         1
 Confusing Touch          Hex            8%         N/A       77%         3
 Tukima's Dance           Hex            8%         N/A       77%         3
 Sublimation of Blood     Necr           1%         N/A       83%         2
 Dazzling Flash           Conj/Hex       10%        N/A       89%         3
 Inner Flame              Hex/Fire       5%         N/A       89%         3
 Conjure Flame            Conj/Fire      1%         6-21      97%         3
 Flame Wave               Conj/Fire      1%         2d4       100%        4
 Petrify                  Tmut/Erth      1%         N/A       100%        4
 Irradiate                Conj/Tmut      0%         3d13      100%        5


Dungeon Overview and Level Annotations

Branches:
Dungeon (6/15)             Temple (0/1) D:4

Altars:
Dithmenos
Elyvilon
Lugonu

Annotations:
D:6 Dowan, Duvessa


Innate Abilities, Weirdness & Mutations

You have a beak for a mouth.
You have claws for feet.
Your magical nature lets you fly swiftly and evasively.


Message History

Duvessa hits you with a +0 short sword.
You hit Duvessa but do no damage. You claw Duvessa, but do no damage.
You peck Duvessa, but do no damage.
Duvessa is lightly wounded.
Duvessa hits you with a +0 short sword. Duvessa hits you with a +0 short sword!
* * * LOW HITPOINT WARNING * * *
You hit Duvessa but do no damage.
Duvessa is poisoned.
Your kick misses Duvessa. Your peck misses Duvessa.
Duvessa is lightly wounded.
Duvessa hits you but does no damage.
Dowan gestures wildly while chanting.
Dowan blinks!
Duvessa barely misses you.
Unknown command.
The orc wizard gestures wildly while chanting.
The orc wizard flickers and vanishes!
Duvessa gestures with her weapon.
An adder comes into view.
The adder hisses angrily.
Duvessa hits you but does no damage.
You feel better. Duvessa hits you with a +0 short sword.
You fade into invisibility!
The adder bites you but does no damage. Duvessa barely misses you.
You hear a zap.
Something tries to affect you, but you resist.
The adder barely misses you. Duvessa hits you with a +0 short sword.
You catch the helpless Duvessa completely off-guard!
You hit Duvessa but do no damage.
Duvessa looks even sicker.
You claw Duvessa. You peck Duvessa.
Duvessa is moderately wounded.
You barely miss the adder. Duvessa hits you but does no damage.
The adder misses you. Duvessa hits you with a +0 short sword.
* * * LOW HITPOINT WARNING * * *
You hit Duvessa but do no damage.
Duvessa looks as sick as possible!
Duvessa is heavily wounded.
You miss the adder. The adder bites you.
* * * LOW HITPOINT WARNING * * *
Duvessa hits you but does no damage.
You hear a zap.
Your mind is blasted!
You die...

.......#..............
....................>...
......##....?...........
.e...###................
#.#### #................
#.# ###................
#.####.......e..........
#..##.....#.....S......#
##.ยง.....e.)####@.....#
####........oo.e.###.?.#
.....[.....####### #
#####.....## #.......#
#.......# #.......#
##.....## ##...##


You could see Duvessa (fast, extremely poisoned), Dowan, an adder and 2 orcs.

Vanquished Creatures
  Pikel (D:5)
  Eustachio (D:6)
  A steam dragon (D:6)
  A centaur (D:5)
  3 ogres
  A phantom (D:6)
  A scorpion (D:5)
  2 hounds (D:5)
  A jelly (D:4)
  Crazy Yiuf (D:4)
  2 bullfrog skeletons
  3 iguanas
  2 orc wizards
  A scorpion zombie (D:5)
  Natasha (thrice) (D:4)
  3 adders
  3 worms (D:2)
  2 dart slugs
  11 orcs
  11 bats
  2 endoplasms (D:4)
  2 giant cockroaches
  3 goblins
  4 hobgoblins
  11 jackals
  6 kobolds
  7 quokkas
  6 ball pythons
  4 frilled lizards
  8 rats
107 creatures vanquished.

Vanquished Creatures (others)
  3 toadstools (D:1)
3 creatures vanquished.

Grand Total: 110 creatures vanquished

Notes
Turn   | Place    | Note
-------+----------+-------------------------------------------
     0 | D:1      | SnakkuSnakku7 the Tengu Enchanter began the quest for the
                  | Orb.
     0 | D:1      | Reached XP level 1. HP: 10/10 MP: 4/4
   212 | D:1      | Reached skill level 1 in Fighting
   394 | D:1      | Reached XP level 2. HP: 12/16 MP: 6/6
   538 | D:1      | Found a faded altar of an unknown god.
   562 | D:1      | Prayed at the altar of an unknown god.
   562 | D:1      | Became a worshipper of Lugonu the Unformed
   562 | D:1      | Reached * piety under Lugonu
   562 | D:1      | Reached ** piety under Lugonu
  1094 | D:2      | Reached XP level 3. HP: 22/22 MP: 7/7
  1306 | D:2      | Reached skill level 1 in Staves
  1993 | D:2      | Reached XP level 4. HP: 27/27 MP: 8/8
  2174 | D:3      | Reached *** piety under Lugonu
  2403 | D:3      | Found a white marble altar of Elyvilon.
  2492 | D:3      | Found a shadowy altar of Dithmenos.
  2842 | D:3      | Identified the +6 scale mail "Got Ludd" {Dex+4}
  3063 | D:4      | Noticed Natasha
  3069 | D:4      | Killed Natasha
  3070 | D:4      | Gained mutation: Your magical nature lets you fly swiftly
                  | and evasively. [Tengu growth]
  3070 | D:4      | Reached XP level 5. HP: 31/32 MP: 9/9
  3075 | D:4      | Found a staircase to the Ecumenical Temple.
  3325 | D:4      | Noticed Natasha
  3332 | D:4      | Killed Natasha
  3349 | D:4      | Reached XP level 6. HP: 35/39 MP: 10/10
  3360 | D:4      | Found a runed translucent door.
  3360 | D:4      | Noticed Natasha
  3360 | D:4      | Noticed Crazy Yiuf
  3612 | D:4      | Reached skill level 5 in Fighting
  3833 | D:4      | Killed Natasha
  3838 | D:4      | Killed Crazy Yiuf
  4015 | D:5      | Entered Level 5 of the Dungeon
  4066 | D:5      | Reached skill level 1 in Invocations
  4075 | D:5      | Reached skill level 2 in Invocations
  4075 | D:5      | Reached XP level 7. HP: 26/45 MP: 11/11
  4162 | D:5      | Reached skill level 3 in Invocations
  4710 | D:5      | Reached skill level 4 in Invocations
  4943 | D:6      | Noticed Pikel
  4962 | D:5      | Killed Pikel
  4963 | D:5      | Reached skill level 6 in Invocations
  4963 | D:5      | Reached XP level 8. HP: 38/51 MP: 11/13
  5303 | D:5      | Reached skill level 7 in Invocations
  5417 | D:6      | Noticed Eustachio
  5445 | D:6      | Killed Eustachio
  5548 | D:6      | Identified the +1 ring mail "Irhaj" {rN+ Int-2 Dex+9}
  5833 | D:6      | Reached skill level 8 in Invocations
  5833 | D:6      | Reached XP level 9. HP: 41/55 MP: 14/16
  5859 | D:6      | Identified the +1 ring mail "Idun" {+Inv rElec rPois rC-}
  5870 | D:6      | Noticed Dowan
  5872 | D:6      | Noticed Duvessa
  5914 | D:6      | Identified the +2 robe "Kiopip" {rElec Dex+9}
  5945 | D:6      | Blown up by an orc wizard

Illustrated notes

Levels and vault maps discovered:
D:1:      onia_arrival_mini_spirals, layout_rooms,
          ebering_ecumenical_altar_webs, minmay_gold_behind_fungi
D:2:      layout_loops_cross, minmay_fractal_squares_gapless_5
D:3:      layout_basic, nicolae_dithmenos_the_darkroom, elyvilon_altar_4
D:4:      layout_loops_cross, minmay_temple_entry_water_ring, uniq_natasha,
          uniq_crazy_yiuf_cottage
D:5:      layout_rooms, roderic_three_in_a_row
D:6:      layout_rooms, nrook_mini_backslash, uniq_pikel, uniq_duvessa,
          uniq_sigmund, uniq_eustachio

Skill      XL: |  1  2  3  4  5  6  7  8  9 |
---------------+----------------------------+-----
Fighting       | 1 2 3 4 5 |  5.7
Staves         | 2 3 |  3.0
Invocations    | 2 6 8 |  8.0
Dodging        | 3 4 |  4.2
Short Blades   | |  1.1
Stealth        | |  3.0
Spellcasting   | |  2.0
Hexes          | |  2.1

Action                   |  1- 3 |  4- 6 |  7- 9 || total
-------------------------+-------+-------+-------++-------
Melee: Dagger            |    69 |       |       ||    69
       Peck              |    17 |    17 |    42 ||    76
       Kick              |    27 |    42 |    53 ||   122
       Punch             |     2 |       |     2 ||     4
       Quarterstaff      |    50 |    42 |       ||    92
       Hand axe          |       |    88 |   132 ||   220
Throw: Dart              |       |       |     6 ||     6
Invok: Banish            |       |       |     1 ||     1
  Use: Scroll            |       |     2 |       ||     2
       Potion            |       |       |     2 ||     2
 Stab: Invisible         |       |       |     1 ||     1
Armor: Robe              |     4 |       |       ||     4
       Chain mail        |    80 |    47 |       ||   127
       Scale mail        |       |    34 |    96 ||   130
Dodge: Dodged            |    44 |    57 |    90 ||   191
